 Dungeon Crawl Stone Soup version 0.20.0-15-g7f486f2 (webtiles) character file.

199012 Ios the Imperceptible (level 17, -1/91 HPs)
             Began as a Spriggan Enchanter on June 10, 2017.
             Was the Champion of Dithmenos.
             Succumbed to a hornet's poison
             ... while paralysed by a hornet
             ... on level 2 of the Swamp.
             The game lasted 02:14:02 (50961 turns).

Ios the Imperceptible (Spriggan Enchanter)         Turns: 50961, Time: 02:14:03

Health: -1/91      AC: 10    Str:  7    XL:     17   Next: 83%
Magic:  27/37      EV:  4    Int: 18    God:    Dithmenos [******]
Gold:   1004       SH:  0    Dex: 19    Spells: 35/47 levels left

rFire    . . .     SeeInvis +   x - +7 rapier (pierce)
rCold    . . .     Gourm    .   (shield restricted)
rNeg     . . .     Faith    .   D - +2 robe {MR+}
rPois    .         Spirit   .   (helmet restricted)
rElec    .         Reflect  +   H - +2 cloak
rCorr    .         Harm     .   (gloves unavailable)
MR       +++..                  (boots unavailable)
Stlth    ++++++++++             N - +2 amulet of reflection
Regen    0.3/turn               r - +3 ring of protection (curse)
MPRegen  0.3/turn               U - +2 ring of slaying

@: paralysed, lethally poisoned (-1 -> -45), grasped by roots, slowed, wreathed
by umbra, quick
A: unfitting armour, see invisible, herbivore 3, speed 3, slow metabolism 2
}: 1/15 runes: gossamer
a: Shadow Step, Shadow Form, Renounce Religion


You were on level 2 of the Swamp.
You worshipped Dithmenos.
Dithmenos was exalted by your worship.
You were full.

You visited 7 branches of the dungeon, and saw 31 of its levels.
You visited 2 bazaars.

You collected 2727 gold pieces.
You spent 1723 gold pieces at shops.

Inventory:

Hand Weapons
 j - a +3 quick blade
 x - a +7 rapier of piercing (weapon)
 y - a +5 quick blade
Missiles
 z - a throwing net (quivered)
Armour
 b - a +0 robe of cold resistance
 D - a +2 robe of magic resistance (worn)
 H - a +2 cloak (worn)
Jewellery
 g - an uncursed ring of magical power
 m - an uncursed ring of protection from cold
 r - a cursed +3 ring of protection (left hand)
 A - the ring "Biogushre" {rC+ MP+9 Stlth-}
   (You found it on level 6 of the Lair of Beasts)

   [ring of loudness]

   It protects you from cold.
   It affects your magic capacity (+9).
   It makes you less stealthy.
 E - a +5 ring of strength
 L - an uncursed amulet of rage
 N - a +2 amulet of reflection (around neck)
 U - a +2 ring of slaying (right hand)
Wands
 f - a wand of digging (7/24)
 h - a wand of polymorph (13/24)
 q - a wand of enslavement (13/24)
 G - a wand of paralysis (11/24)
 I - a wand of confusion (26/48)
 J - a wand of acid (5/15)
Scrolls
 c - a scroll of blinking
 n - a scroll of amnesia
 o - 2 scrolls of fear
 p - a scroll of magic mapping
 s - 5 scrolls of identify
 v - 3 scrolls of recharging
 w - 13 scrolls of remove curse
 C - a scroll of enchant armour
 R - 5 scrolls of teleportation
 T - 2 scrolls of fog
Potions
 e - 3 potions of curing
 i - a potion of mutation
 k - 3 potions of resistance
 l - 3 potions of cancellation
 t - a potion of berserk rage
 u - 2 potions of magic
 F - 2 potions of ambrosia
 K - a potion of flight {unknown}
Books
 a - a book of Necromancy

   Spells                             Type                      Level
   a - Pain                           Necromancy                   1
   b - Animate Skeleton               Necromancy                   1
   c - Vampiric Draining              Necromancy                   3
   d - Regeneration                   Charms/Necromancy            3
   e - Animate Dead                   Necromancy                   4
   f - Control Undead                 Necromancy                   4
 B - a book of Cantrips

   Spells                             Type                      Level
   a - Confusing Touch                Hexes                        1
   b - Animate Skeleton               Necromancy                   1
   c - Summon Small Mammal            Summoning                    1
   d - Apportation                    Translocation                1
Comestibles
 d - 12 bread rations


   Skills:
 + Level 11.0 Fighting
 - Level 14.0 Short Blades
 + Level 18.0 Dodging
 + Level 21.4 Stealth
 + Level 15.6 Spellcasting
 + Level 16.1 Hexes


You had 35 spell levels left.
You knew the following spells:

 Your Spells              Type           Power        Failure   Level  Hunger
a - Ensorcelled Hibernat  Hex/Ice        #####.       1%          2    None
b - Corona                Hex            ######.      0%          1    None
c - Confuse               Hex            ######..     1%          3    None
d - Tukima's Dance        Hex            ######..     1%          3    None
e - Dazzling Spray        Conj/Hex       #####.       1%          3    None


Dungeon Overview and Level Annotations

Branches:
Dungeon (15/15) Temple (1/1) D:5 Lair (6/6) D:8 Swamp (2/4) Lair:4 Spider (4/4) Lair:4 Slime (0/5) Lair:6 Orc (2/2) D:9 Elf (0/3) Orc:2 Vaults (0/5) D:12 D:13 Depths (1/5) D:15

Altars:
Ashenzari
Cheibriados
Dithmenos
Elyvilon
Fedhas
Gozag
Hepliaklqana
Kikubaaqudgha
Makhleb
Nemelex Xobeh
Okawaru
Qazlal
Ru
Sif Muna
Trog
Uskayaw
Vehumet
Xom
Yredelemnul
Zin
The Shining One

Shops:
D:8 :   Orc:2 [(*(


Innate Abilities, Weirdness & Mutations

You are very small and have problems with some larger weapons.
You are too small for most types of armour.
You have supernaturally acute eyesight. (SInv)
You are a herbivore.
You cover ground extremely quickly.
You need consume almost no food.


Message History

The hornet stings you but does no damage.
The swamp worm bites you! The hornet stings you.
You are more poisoned.
You feel as though you will be slow longer.
The shambling mangrove hits you!!
You feel very sick. The hornet barely misses you. The hornet stings you.
* * * LOW HITPOINT WARNING * * *
You feel as though you will be slow longer.
The hornet stings you!
* * * LOW HITPOINT WARNING * * *
You are more poisoned.
You feel as though you will be slow longer.
The swamp worm bites you.
* * * LOW HITPOINT WARNING * * *
The hornet barely misses you. x2; The hornet stings you!
* * * LOW HITPOINT WARNING * * *
You are more poisoned.
You feel as though you will be slow longer.
You die...

♣≈≈≈♣.♣ ♣.≈§.♣♣
.≈.♣..
♣.≈...♣♣♣.≈...≈≈
♣♣≈≈≈≈♣♣≈.≈....≈
♣.≈≈.≈≈≈≈......
♣≈≈.♣♣≈...♣.♣.≈
♣≈≈≈♣♣≈w≈≈≈.≈.≈
♣...≈♣wfy...≈.≈♣
♣..≈≈!.@y.≈.≈.≈
♣♣≈≈≈.≈.y[≈...♣
♣≈...≈.≈..§≈♣♣
♣.≈....≈≈≈≈§≈♣
♣.≈≈§.≈♣≈≈.≈♣♣
♣§§≈≈.≈≈♣....♣♣♣
♣♣≈......≈.....♣
♣..≈....)≈.♣.♣P
♣≈≈.≈≈.≈≈>.♣


You could see a shambling mangrove, 2 swamp worms and 3 hornets.

Vanquished Creatures
  Rupert (D:15)
  The ghost of sreda the Thaumaturge, an adept DgWz (Spider:3)
  A thorn hunter (Swamp:2)
  3 ghost moths
  Louise (Swamp:2)
  4 emperor scorpions
  3 entropy weavers
  The ghost of Zigma the Brawler, a journeyman DrTm of Makhleb (D:13)
  A vampire knight (D:14)
  2 dire elephants
  2 spark wasps (Spider:4)
  An ettin (shapeshifter) (D:14)
  An ettin (D:14)
  4 ogre magi (Orc:2)
  2 great orbs of eyes
  An ice dragon (Swamp:1)
  11 hydras
  3 centaur warriors
  2 alligators (Swamp:1)
  5 death yaks (Lair:6)
  24 two-headed ogres
  8 death scarabs (Spider:4)
  A deep troll shaman (Lair:6)
  4 tengu warriors
  Urug (D:13)
  An orc high priest (Orc:2)
  3 spriggans (Swamp:1)
  A salamander mystic (Depths:1)
  4 skeletal warriors
  2 unseen horrors (D:12)
  A deep troll (Depths:1)
  3 wolf spider zombies
  Pikel (D:9)
  2 swamp dragons (Swamp:1)
  2 wizards
  22 orb spiders
  A shambling mangrove (Swamp:1)
  2 orc knights
  7 spectral wolf spiders (Spider:4)
  A lindwurm (shapeshifter) (D:14)
  4 manticores
  36 wolf spiders
  11 ugly things
  13 slime creatures
  A deep elf mage (D:12)
  2 cyclopes
  An orc sorcerer (Orc:2)
  4 salamanders
  3 moths of wrath
  3 elephants (Lair:6)
  2 black mambas
  2 gargoyles
  Psyche (D:8)
  3 torpor snails
  A spectral redback (Spider:4)
  13 spiny frogs
  A redback zombie (Spider:4)
  A freezing wraith (D:15)
  3 kobold demonologists
  9 demonic crawlers
  A rime drake (Lair:6)
  6 komodo dragons
  2 tengu conjurers (D:14)
  13 hornets
  6 trolls
  36 jumping spiders
  2 polar bears (Lair:6)
  A tyrant leech (Swamp:1)
  20 blink frogs
  3 spectral tarantellas (Spider:4)
  6 hippogriffs
  A tarantella zombie (Spider:4)
  3 spectral jumping spiders (Spider:4)
  11 dream sheep
  2 bog bodies
  A centaur simulacrum (D:14)
  A meliai zombie (D:14)
  52 redbacks
  A shadow (D:14)
  4 wraiths
  42 tarantellas
  47 yaks
  A vampire (D:12)
  14 humans (D:13)
  2 wyverns
  A hungry ghost (D:8)
  A steam dragon (D:14)
  12 vampire mosquitoes
  9 basilisks
  3 wargs (Orc:2)
  2 acid dragons
  2 spectral hornets (Spider:4)
  15 water moccasins
  2 swamp drakes
  8 porcupines
  3 ice beasts
  20 orc warriors
  A black bear (Lair:6)
  2 sky beasts
  A hornet zombie (D:11)
  A phantom (D:5)
  26 ogres
  5 boggarts (D:14)
  2 eyes of draining
  9 wolves
  10 crocodiles
  7 centaurs
  13 big kobolds
  A wyvern zombie (D:11)
  20 bullfrogs
  7 scorpions
  6 killer bees (D:11)
  A killer bee (shapeshifter) (D:14)
  17 wights
  3 centaur zombies
  6 crimson imps
  5 howler monkeys
  2 bullfrog zombies
  5 jellies
  5 hounds
  4 quasits
  13 orc priests
  19 orc wizards
  6 centaur skeletons
  3 bullfrog skeletons
  6 iguanas
  10 worker ants
  A hound zombie (D:11)
  2 hound skeletons
  A howler monkey skeleton (D:10)
  A howler monkey zombie (D:7)
  7 gnolls
  18 adders
  3 shadow imps
  2 oozes
  2 adder skeletons
  3 worms (D:2)
  2 dart slugs
  9 leopard geckos
  80 orcs
  3 ball pythons
  5 giant cockroaches
  6 goblins
  9 hobgoblins
  15 jackals
  45 kobolds
  3 quokkas
  8 bats
  5 frilled lizards
  7 rats
1064 creatures vanquished.

Vanquished Creatures (collateral kills)
  A catoblepas (Lair:6)
  A redback (Spider:2)
2 creatures vanquished.

Vanquished Creatures (others)
  A spriggan druid (Swamp:2)
  A deep elf mage (D:15)
  A centaur skeleton (D:15)
  A jumping spider (Spider:4)
  A hippogriff (D:15)
  2 humans (D:13)
  2 dancing weapons (D:2)
  An ice beast (D:15)
  An orc warrior (Orc:2)
  An ogre (Orc:2)
  A wight (D:14)
  A kobold (D:15)
  7 fungi
  4 plants
25 creatures vanquished.

Grand Total: 1091 creatures vanquished

Notes
Turn   | Place    | Note
-------+----------+-------------------------------------------
     0 | D:1      | Ios the Spriggan Enchanter began the quest for the Orb.
     0 | D:1      | Reached XP level 1. HP: 9/9 MP: 5/5
   579 | D:1      | Reached XP level 2. HP: 9/13 MP: 2/7
   678 | D:1      | Learned a level 2 spell: Ensorcelled Hibernation
  1702 | D:2      | Found a shadowy altar of Dithmenos.
  1732 | D:2      | Became a worshipper of Dithmenos the Shadowed
  1960 | D:2      | Reached XP level 3. HP: 16/16 MP: 9/9
  2004 | D:2      | Learned a level 3 spell: Confuse
  2008 | D:2      | Learned a level 3 spell: Tukima's Dance
  2244 | D:2      | Found a glowing golden altar of the Shining One.
  2743 | D:2      | Reached skill level 5 in Hexes
  2834 | D:2      | Reached XP level 4. HP: 21/21 MP: 2/11
  3101 | D:2      | Reached * piety under Dithmenos
  3687 | D:2      | Reached XP level 5. HP: 24/24 MP: 10/13
  3698 | D:2      | Reached skill level 5 in Stealth
  4141 | D:3      | Reached skill level 6 in Stealth
  4303 | D:3      | Reached ** piety under Dithmenos
  4469 | D:3      | Reached XP level 6. HP: 17/28 MP: 5/14
  5037 | D:3      | Reached skill level 7 in Stealth
  5047 | D:3      | Learned a level 3 spell: Dazzling Spray
  5521 | D:4      | Found a glowing silver altar of Zin.
  5524 | D:4      | Found a bloodstained altar of Trog.
  5524 | D:4      | Found an iron altar of Okawaru.
  5524 | D:4      | Found a stormy altar of Qazlal.
  5526 | D:4      | Found a blossoming altar of Fedhas.
  5527 | D:4      | Found a deep blue altar of Sif Muna.
  5704 | D:4      | Reached skill level 8 in Stealth
  5722 | D:5      | Entered Level 5 of the Dungeon
  5727 | D:5      | Reached skill level 9 in Stealth
  6020 | D:4      | Reached XP level 7. HP: 32/32 MP: 15/15
  6055 | D:4      | Reached skill level 10 in Stealth
  6544 | D:5      | Reached skill level 11 in Stealth
  6640 | D:5      | Found a staircase to the Ecumenical Temple.
  6652 | Temple   | Entered the Ecumenical Temple
  6920 | D:5      | Found an opulent altar of Gozag.
  7508 | D:5      | Reached skill level 12 in Stealth
  7552 | D:6      | Reached XP level 8. HP: 36/36 MP: 16/16
  7575 | D:6      | Reached skill level 5 in Spellcasting
  7831 | D:6      | Reached *** piety under Dithmenos
  7842 | D:6      | Reached skill level 1 in Fighting
  8825 | D:7      | Noticed a hippogriff
  8839 | D:7      | Killed a hippogriff
  8839 | D:7      | Reached skill level 5 in Dodging
  9449 | D:7      | Reached XP level 9. HP: 42/42 MP: 19/19
  9609 | D:8      | Reached **** piety under Dithmenos
  9687 | D:8      | Found Xeid's Book Shoppe.
  9872 | D:8      | Noticed Psyche
  9875 | D:8      | Killed Psyche
  9875 | D:8      | Reached skill level 13 in Stealth
  9946 | D:8      | Found a staircase to the Lair.
 10318 | D:8      | Found a basalt altar of Yredelemnul.
 10395 | D:9      | Noticed a two-headed ogre
 10397 | D:9      | Found a staircase to the Orcish Mines.
 10440 | D:8      | Killed a two-headed ogre
 10562 | D:9      | Noticed a two-headed ogre
 10904 | D:9      | Killed a two-headed ogre
 10904 | D:9      | Reached skill level 5 in Short Blades
 10904 | D:9      | Reached XP level 10. HP: 49/49 MP: 15/22
 11282 | D:9      | Found a burning altar of Makhleb.
 11406 | D:9      | Noticed Pikel
 11409 | D:9      | Found a hide-covered altar of Uskayaw.
 11421 | D:9      | Killed Pikel
 11421 | D:9      | Reached skill level 14 in Stealth
 11637 | D:10     | Entered Level 10 of the Dungeon
 11932 | D:10     | Found a blossoming altar of Fedhas.
 12135 | D:10     | Reached ***** piety under Dithmenos
 12662 | D:11     | Noticed a two-headed ogre
 12666 | D:11     | Noticed a two-headed ogre
 12687 | D:11     | Killed a two-headed ogre
 12696 | D:11     | Killed a two-headed ogre
 12838 | D:11     | Reached XP level 11. HP: 43/54 MP: 24/24
 13262 | D:11     | Found a flickering gateway to a bazaar.
 13272 | Bazaar   | Entered a bazaar
 13281 | Bazaar   | Found Gauppam's Antique Weapon Shoppe.
 13292 | Bazaar   | Found Jaeruexi's Antique Weapon Emporium.
 13311 | Bazaar   | Found Yluqerha's Antique Armour Shoppe.
 13322 | Bazaar   | Found Bireugy's Antique Armour Emporium.
 13737 | D:11     | Reached skill level 5 in Fighting
 14523 | D:12     | Reached skill level 15 in Stealth
 14530 | D:12     | Reached skill level 10 in Dodging
 14544 | D:12     | Reached skill level 10 in Hexes
 14757 | D:12     | Noticed an unseen horror
 14764 | D:12     | Killed an unseen horror
 14765 | D:12     | Noticed a deep elf mage
 14785 | D:12     | Killed a deep elf mage
 15065 | D:12     | Noticed an unseen horror
 15110 | D:12     | Killed an unseen horror
 15295 | D:12     | You fall through a shaft for 3 floors!
 15295 | D:15     | Entered Level 15 of the Dungeon
 15361 | D:14     | Reached ****** piety under Dithmenos
 15454 | D:13     | Reached XP level 12. HP: 60/60 MP: 23/26
 15470 | D:13     | Noticed Zigma's ghost (journeyman DrTm)
 15700 | D:13     | Noticed a two-headed ogre
 15704 | D:13     | Found a gate to the Vaults.
 15704 | D:13     | Noticed a centaur warrior
 15708 | D:13     | Noticed Urug
 15711 | D:13     | Reached skill level 10 in Spellcasting
 15717 | D:13     | Killed a two-headed ogre
 15743 | D:13     | Killed a centaur warrior
 15751 | D:13     | Killed Urug
 16201 | D:13     | Killed Zigma's ghost
 16201 | D:13     | Reached skill level 16 in Stealth
 17127 | D:12     | Noticed Rupert
 18319 | D:14     | Noticed a tengu warrior
 18321 | D:14     | Noticed an ettin
 18321 | D:14     | Killed a tengu warrior
 18333 | D:14     | HP: 1/62 [ettin/dire flail (21)]
 18336 | D:14     | Killed an ettin
 18345 | D:14     | Noticed a vampire knight
 18750 | D:14     | Reached XP level 13. HP: 66/66 MP: 20/29
 18975 | D:14     | Killed a vampire knight
 19848 | D:14     | Reached skill level 17 in Stealth
 19868 | D:14     | Noticed an ettin
 19868 | D:14     | a tyrant leech changed into an ettin
 19877 | D:14     | Killed an ettin
 19877 | D:14     | Reached skill level 10 in Short Blades
 20848 | D:13     | HP: 3/67 [skeletal warrior/short sword[a skeletal warrior] (18)]
 22217 | Lair:1   | Entered Level 1 of the Lair of Beasts
 24584 | Lair:3   | Reached XP level 14. HP: 72/72 MP: 31/31
 25373 | Lair:4   | Found a staircase to the Swamp.
 25381 | Lair:4   | Found a hole to the Spider Nest.
 26543 | Lair:4   | Reached skill level 18 in Stealth
 27819 | Lair:6   | Entered Level 6 of the Lair of Beasts
 28469 | Lair:6   | Found a staircase to the Slime Pits.
 29444 | Lair:6   | Got a bound amber ring
 29457 | Lair:6   | Identified the ring "Biogushre" {rC+ MP+9 Stlth-} (You found it on level 6 of the Lair of Beasts)
 30281 | D:14     | Reached XP level 15. HP: 39/78 MP: 24/33
 30634 | D:15     | Found an iron altar of Okawaru.
 30882 | D:15     | Paralysed by Rupert for 5 turns
 31034 | D:15     | Killed Rupert
 31196 | D:15     | Reached skill level 15 in Dodging
 31338 | D:15     | Found a staircase to the Depths.
 31363 | D:15     | Reached skill level 19 in Stealth
 32405 | Depths:1 | Entered Level 1 of the Depths
 32972 | Swamp:1  | Entered Level 1 of the Swamp
 33218 | Spider:1 | Entered Level 1 of the Spider Nest
 33428 | Spider:1 | Noticed a ghost moth
 33430 | Spider:1 | Killed a ghost moth
 35721 | Spider:2 | Noticed a ghost moth
 35728 | Spider:2 | Killed a ghost moth
 35995 | Spider:2 | Reached XP level 16. HP: 84/84 MP: 35/35
 37438 | Spider:3 | Noticed sreda's ghost (adept DgWz)
 38518 | Spider:3 | Reached skill level 20 in Stealth
 39004 | Spider:3 | Killed sreda's ghost
 39308 | Orc:1    | Entered Level 1 of the Orcish Mines
 39427 | Orc:2    | Entered Level 2 of the Orcish Mines
 39548 | Orc:2    | Found a flickering gateway to a bazaar.
 39553 | Bazaar   | Entered a bazaar
 39557 | Bazaar   | Found Vomugg's Antique Armour Shoppe.
 39568 | Bazaar   | Found Neatsiam's Magic Scroll Boutique.
 39574 | Bazaar   | Found Jyugog's General Store.
 39587 | Bazaar   | Found Takliupn's General Store.
 39628 | Bazaar   | Bought a scroll of acquirement for 624 gold pieces
 39653 | Bazaar   | Bought a scroll of acquirement for 624 gold pieces
 39653 | Bazaar   | Bought a scroll of enchant weapon for 90 gold pieces
 39653 | Bazaar   | Bought a scroll of identify for 24 gold pieces
 39653 | Bazaar   | Bought a scroll of identify for 24 gold pieces
 39653 | Bazaar   | Bought 3 scrolls of identify for 72 gold pieces
 39669 | Bazaar   | Bought a scroll of identify for 22 gold pieces
 39681 | Bazaar   | Bought 2 scrolls of magic mapping for 84 gold pieces
 40820 | Orc:2    | Found a staircase to the Elven Halls.
 40877 | Orc:2    | Reached skill level 10 in Fighting
 41450 | Orc:2    | Found Ysoon's Armour Emporium.
 41450 | Orc:2    | Found Uwo Qai's Assorted Antiques.
 41450 | Orc:2    | Found Zokat's Weapon Shop.
 41450 | Orc:2    | Found Epimixt's Weapon Shoppe.
 41523 | Orc:2    | Reached skill level 15 in Hexes
 41560 | Orc:2    | Bought a dull robe for 159 gold pieces
 41845 | Orc:2    | Identified the +2 robe "Fiolova" {-Cast rPois MP+9 Int+5} (You bought it in a shop on level 2 of the Orcish Mines)
 42481 | Spider:4 | Entered Level 4 of the Spider Nest
 43987 | Spider:4 | Reached XP level 17. HP: 41/90 MP: 31/36
 44507 | Spider:4 | Reached skill level 15 in Spellcasting
 45916 | Spider:4 | Reached skill level 21 in Stealth
 48278 | Spider:4 | Got a gossamer rune of Zot
 50643 | Swamp:2  | Noticed Louise
 50645 | Swamp:2  | Killed Louise
 50958 | Swamp:2  | Paralysed by a hornet for 3 turns
 50960 | Swamp:2  | HP: 2/91 [hornet[a shambling mangrove] (10)]
 50961 | Swamp:2  | Succumbed to a hornet's poison

Skill      XL: |  1  2  3  4  5  6  7  8  9 10 11 12 13 14 15 16 17 |
---------------+----------------------------------------------------+-----
Spellcasting   | 3 4 6 7 8 9 11 12 13 14 15 | 15.6
Hexes          | 4 5 7 8 9 10 11 12 13 14 15 16 | 16.1
Stealth        | 6 9 12 13 14 15 16 17 18 19 20 21 | 21.4
Fighting       | 1 3 4 5 6 7 8 9 10 11 | 11.0
Dodging        | 5 7 9 10 12 13 14 15 16 18 | 18.0
Short Blades   | 3 5 6 8 9 10 11 12 13 14 | 14.0

Action                   |  1- 3 |  4- 6 |  7- 9 | 10-12 | 13-15 | 16-18 || total
-------------------------+-------+-------+-------+-------+-------+-------++-------
Melee: Dagger            |   102 |   206 |   210 |       |       |       ||   518
       Rapier            |       |       |    59 |   774 |   988 |  1072 ||  2893
 Cast: Corona            |     8 |       |       |       |       |       ||     8
       Ensorcelled Hiber |    20 |    40 |    35 |    28 |   118 |   125 ||   366
       Confuse           |     2 |     3 |    26 |    48 |    80 |   114 ||   273
       Tukima's Dance    |     2 |     1 |       |       |       |     1 ||     4
       Dazzling Spray    |       |       |     2 |     8 |    80 |    57 ||   147
Invok: Shadow Step       |       |       |       |     1 |     3 |     4 ||     8
Evoke: Wand              |       |       |     3 |     2 |     8 |     6 ||    19
       Phantom mirror    |       |       |       |       |     1 |       ||     1
  Use: Potion            |     1 |       |     1 |     8 |    12 |    14 ||    36
       Scroll            |       |    10 |    11 |     7 |    14 |    20 ||    62
 Stab: Sleeping          |    22 |    38 |    45 |    76 |   177 |    98 ||   456
       Confused          |     1 |     3 |    12 |    33 |    51 |    63 ||   163
       Distracted        |       |       |     3 |    10 |     5 |    15 ||    33
       Invisible         |       |       |       |    20 |    26 |     9 ||    55
       Petrified         |       |       |       |       |     3 |       ||     3
       Petrifying        |       |       |       |       |     2 |       ||     2
  Eat: Royal jelly       |       |     2 |     4 |     2 |     3 |     2 ||    13
       Fruit             |       |     1 |     1 |     6 |    11 |       ||    19
       Bread ration      |       |       |       |       |       |     2 ||     2
Armor: Robe              |     6 |    11 |    16 |    80 |    55 |    69 ||   237
       Skin              |       |       |       |       |    24 |       ||    24
Dodge: Dodged            |    67 |   140 |   220 |   689 |   857 |  1212 ||  3185
Block: Other             |       |       |       |       |    33 |    54 ||    87
